 Dungeon Sprint DCSS version 0.16-a0-3820-g492871e (console) character file.

6143 mauris the Nimble (level 10, 15/114 HPs)
             Began as a Deep Dwarf Fighter on Jan 28, 2015.
             Was the Champion of Makhleb.
             Quit the game in the Dungeon (Sprint I: "Red Sonja").
             The game lasted 00:11:46 (812 turns).

mauris the Nimble (Deep Dwarf Fighter)               Turns: 812, Time: 00:11:46

Health: 15/114     AC:  6    Str: 19      XL:     10   Next: 59%
Magic:  9/9        EV: 15    Int: 10      God:    Makhleb [******]
Gold:   598        SH:  9    Dex: 14 (15) Spells: 0 memorised, 9 levels left

rFire  . . .     SeeInvis .     a - +0 war axe
rCold  . . .     Clarity  .     b - +0 scale mail
rNeg   . . .     SustAb   .     c - +0 shield
rPois  .         Gourm    .     (no helmet)
rElec  .         Spirit   .     (no cloak)
rCorr  .         Warding  .     (no gloves)
rMut   .         NoTele   +     (no boots)
MR     +....                    (no amulet)
Stlth  ..........               (no ring)
                                (no ring)

@: non-regenerating, somewhat resistant to hostile enchantments, extremely
unstealthy
A: damage resistance, recharge devices, sense surroundings 2, slow healing 3
a: Device Recharging, Minor Destruction, Lesser Servant of Makhleb, Major
Destruction, Greater Servant of Makhleb, Renounce Religion


You were in the Dungeon.
You worshipped Makhleb.
Makhleb was exalted by your worship.
You were not hungry.

You visited 1 branch You collected 598 gold pieces.

Inventory:

Hand weapons
 a - a +0 war axe (weapon)
Armour
 b - a +0 scale mail (worn)
 c - a +0 shield (worn)
Magical devices
 d - a wand of heal wounds (0) {@v2}
Scrolls
 l - a scroll of blinking
Potions
 g - 2 potions of curing {@q1}
 h - a potion of heal wounds {@q2}
 j - 3 potions of magic
 k - a potion of berserk rage {!q}
Comestibles
 f - a bread ration
 i - 6 chunks of flesh


   Skills:
 + Level 14.7 Fighting
 - Level 9.8 Axes
 - Level 3.2 Armour
 - Level 14.7 Dodging
 - Level 3.2 Shields
 - Level 11.6 Invocations
 - Level 8.6 Evocations


You had 9 spell levels left.
You didn't know any spells.

Dungeon Overview and Level Annotations

Branches:
Dungeon (1/1)

Altars:
Cheibriados
Dithmenos
Elyvilon
Fedhas
Gozag
Kikubaaqudgha
Makhleb
Nemelex Xobeh
Okawaru
Qazlal
Ru
Sif Muna
Trog
Vehumet
Xom
Yredelemnul
Zin
The Shining One
Jiyva

Shops:
D *

Annotations:
D exclusion: oklob plant


Innate Abilities, Weirdness & Mutations

You are resistant to damage.
You can recharge devices by infusing magical energy.
You passively map the area around you.
You do not heal naturally.


Message History

You block the blizzard demon's attack.
Damage: -13%(-14hp) hp: 72%(82hp)
You hit the blizzard demon.
The blizzard demon is moderately wounded.
You are engulfed in freezing vapours.
The blizzard demon closely misses you.
The blizzard demon completely misses you.
Damage: -14%(-16hp) hp: 58%(66hp)
Your shield and scale mail prevent you from hitting the blizzard demon.
The blizzard demon is moderately wounded.
You are engulfed in freezing vapours.
The blizzard demon closely misses you. The blizzard demon hits you!
Huge Dmg: -21%(-24hp) hp: 37%(42hp)
You closely miss the blizzard demon.
The blizzard demon is moderately wounded.
The blizzard demon hits you!
* * * LOW HITPOINT WARNING * * *
The blizzard demon hits you!
* * * LOW HITPOINT WARNING * * *
Huge Dmg: -23%(-27hp) hp: 14%(15hp) Are you sure you want to abandon this character and quit the game? (Confirm with "yes".)

#################################
#..)..#.['..#__#..'[..#..#.000%00
').#..'..#.)'^.'..#[..##'#.####.0
#####'#####(#__####...'00#.#,*##.
##*#..#...#.####(0#####00'0#+ ##
#__####..##.#00)0.#..##'####
#_..__##'#..'%00q20..#..0,
#_.\...'..._#~~~0.#..#0.0.,+, ,
#_..._##_.#'##+#####'###0.. ,, ,
#_____###+#.# , * P'.*00.# +
#######* ,### * *, #0#0.## ,, , +
, , \ 0 ..# * * *** # * , , * *,
, , , , , , * , ,


You could see a blizzard demon.

Vanquished Creatures
  2 centaur warriors (D)
  A lindwurm (D)
  A gargoyle (D)
  2 kobold demonologists (D)
  4 demonic crawlers (D)
  A slime creature (D)
  13 hogs (D)
  A trapdoor spider (D)
  A yak (D)
  A wasp (D)
  An ogre (D)
  Sigmund (D)
  A crimson imp (D)
  A jelly (D)
  Ijyb (D)
  A giant eyeball (D)
33 creatures vanquished.

Vanquished Creatures (others)
  A gargoyle (D)
1 creature vanquished.

Grand Total: 34 creatures vanquished

Notes
Turn   | Place    | Note
--------------------------------------------------------------
     0 | D        | mauris, the Deep Dwarf Fighter, began the quest for the Orb.
     0 | D        | Reached XP level 1. HP: 20/20 MP: 1/1
     2 | D        | Noticed Ijyb
    11 | D        | Killed Ijyb
    11 | D        | Reached skill level 5 in Axes
    11 | D        | Reached XP level 2. HP: 24/27 MP: 2/2
    14 | D        | Noticed an ogre
    22 | D        | Huge Dmg: 21 Dmg
    23 | D        | Killed an ogre
    23 | D        | Reached skill level 9 in Axes
    23 | D        | Reached XP level 3. HP: 28/33 MP: 3/3
    23 | D        | Reached XP level 4. HP: 33/40 MP: 4/4
    28 | D        | Noticed Sigmund
    34 | D        | Huge Dmg: 7 Dmg
    38 | D        | Killed Sigmund
    38 | D        | Reached XP level 5. HP: 46/46 MP: 5/12
    64 | D        | Found a deep blue altar of Sif Muna.
    65 | D        | Noticed a jelly
    66 | D        | Found a radiant altar of Vehumet.
    70 | D        | Killed a jelly
    94 | D        | Found Zokhimm's Assorted Antiques.
    94 | D        | Found a white marble altar of Elyvilon.
    94 | D        | Found a stormy altar of Qazlal.
    94 | D        | Found a burning altar of Makhleb.
    94 | D        | Found a sacrificial altar of Ru.
    94 | D        | Found a basalt altar of Yredelemnul.
    94 | D        | Found a glowing golden altar of the Shining One.
    94 | D        | Found a sparkling altar of Nemelex Xobeh.
    94 | D        | Found a shimmering altar of Xom.
    94 | D        | Found an opulent altar of Gozag.
    94 | D        | Found an ancient bone altar of Kikubaaqudgha.
    94 | D        | Found a glowing silver altar of Zin.
    94 | D        | Noticed a yak
   102 | D        | Killed a yak
   102 | D        | Reached XP level 6. HP: 46/55 MP: 14/14
   103 | D        | Found an iron altar of Okawaru.
   105 | D        | Found a bloodstained altar of Trog.
   108 | D        | Became a worshipper of Makhleb the Destroyer
   126 | D        | Killed a gargoyle
   129 | D        | Noticed a centaur warrior
   129 | D        | Noticed a centaur warrior
   133 | D        | Found a viscous altar of Jiyva.
   133 | D        | Found a blossoming altar of Fedhas.
   133 | D        | Noticed a slime creature
   134 | D        | Found a snail-covered altar of Cheibriados.
   134 | D        | Found a shadowy altar of Dithmenos.
   137 | D        | Huge Dmg: 15 Dmg
   144 | D        | Huge Dmg: 16 Dmg
   149 | D        | Huge Dmg: 8 Dmg
   149 | D        | Killed a slime creature
   149 | D        | Reached skill level 11 in Dodging
   149 | D        | Reached XP level 7. HP: 34/61 MP: 17/17
   164 | D        | Noticed a kobold demonologist
   165 | D        | Noticed a kobold demonologist
   166 | D        | Noticed a blue devil
   166 | D        | Paralysed by a giant eyeball for 4 turns
   174 | D        | Noticed a hellwing
   176 | D        | Noticed a red devil
   177 | D        | Killed a kobold demonologist
   177 | D        | Acquired Makhleb's first power
   177 | D        | Reached skill level 13 in Dodging
   179 | D        | Paralysed by a giant eyeball for 3 turns
   181 | D        | Noticed a rust devil
   182 | D        | Huge Dmg: 16 Dmg
   183 | D        | Huge Dmg: 8 Dmg
   188 | D        | Paralysed by a giant eyeball for 3 turns
   197 | D        | Huge Dmg: 8 Dmg
   200 | D        | Killed a kobold demonologist
   200 | D        | Reached skill level 14 in Dodging
   200 | D        | Reached XP level 8. HP: 32/68 MP: 17/17
   268 | D        | Noticed a demonic crawler
   268 | D        | Noticed a demonic crawler
   268 | D        | Noticed a demonic crawler
   268 | D        | Noticed a demonic crawler
   301 | D        | Huge Dmg: 12 Dmg
   302 | D        | Killed a demonic crawler
   302 | D        | Acquired Makhleb's second power
   302 | D        | Reached skill level 5 in Fighting
   315 | D        | Huge Dmg: 13 Dmg
   332 | D        | Huge Dmg: 13 Dmg
   342 | D        | Huge Dmg: 13 Dmg
   350 | D        | Huge Dmg: 11 Dmg
   358 | D        | Killed a demonic crawler
   368 | D        | Huge Dmg: 9 Dmg
   386 | D        | Huge Dmg: 15 Dmg
   400 | D        | Upgraded the game from 0.16-a0-3807-g3748f16 to 0.16-a0-3820-g492871e
   404 | D        | Huge Dmg: 11 Dmg
   410 | D        | Killed a demonic crawler
   423 | D        | Huge Dmg: 15 Dmg
   441 | D        | Killed a demonic crawler
   441 | D        | Reached skill level 10 in Fighting
   441 | D        | Gained mutation: You passively map the area around you. [level up]
   441 | D        | Reached XP level 9. HP: 49/93 MP: 13/13
   453 | D        | Noticed a gargoyle
   477 | D        | Killed a gargoyle
   488 | D        | Noticed a lindwurm
   489 | D        | Huge Dmg: 29 Dmg
   494 | D        | Huge Dmg: 21 Dmg
   498 | D        | Huge Dmg: 29 Dmg
   499 | D        | Killed a lindwurm
   499 | D        | Acquired Makhleb's third power
   517 | D        | Noticed a hog
   517 | D        | Noticed a hog
   517 | D        | Noticed a hog
   517 | D        | Noticed a hog
   517 | D        | Noticed a hog
   518 | D        | Noticed a hog
   518 | D        | Noticed a hog
   518 | D        | Noticed a hog
   518 | D        | Noticed a hog
   520 | D        | Noticed a hog
   523 | D        | Noticed a hog
   527 | D        | Killed a hog
   538 | D        | Noticed a hog
   538 | D        | Noticed a hog
   538 | D        | Killed a hog
   544 | D        | Killed a hog
   544 | D        | Acquired Makhleb's fourth power
   546 | D        | Killed a hog
   553 | D        | Killed a hog
   559 | D        | Killed a hog
   565 | D        | Killed a hog
   565 | D        | Acquired Makhleb's fifth power
   568 | D        | Killed a hog
   568 | D        | Reached XP level 10. HP: 110/110 MP: 12/12
   576 | D        | Killed a hog
   595 | D        | Killed a hog
   618 | D        | Killed a hog
   618 | D        | Reached skill level 10 in Invocations
   622 | D        | Killed a hog
   637 | D        | Killed a hog
   693 | D        | Killed a centaur warrior
   708 | D        | Noticed a trapdoor spider
   716 | D        | Killed a trapdoor spider
   730 | D        | Noticed a wasp
   747 | D        | Huge Dmg: 22 Dmg
   757 | D        | Killed a centaur warrior
   760 | D        | Killed a wasp
   761 | D        | Noticed an oklob plant
   767 | D        | Noticed a blizzard demon
   768 | D        | Huge Dmg: 32 Dmg
   772 | D        | Huge Dmg: 34 Dmg
   788 | D        | Huge Dmg: 21 Dmg
   789 | D        | Huge Dmg: 21 Dmg
   791 | D        | Huge Dmg: 12 Dmg
   799 | D        | Huge Dmg: 17 Dmg
   811 | D        | Huge Dmg: 24 Dmg
   812 | D        | Huge Dmg: 27 Dmg
   812 | D        | Quit the game

Action                   |  1- 3 |  4- 6 |  7- 9 | 10-12 || total
-------------------------+-------+-------+-------+-------++-------
Melee: War axe           |    16 |    32 |   242 |   106 ||   396
Invok: Major Destruction |       |       |       |     1 ||     1
       Greater Servant o |       |       |       |     1 ||     1
 Abil: Device Recharging |       |       |     9 |     6 ||    15
Evoke: Wand              |     1 |     3 |    33 |    28 ||    65
  Use: Potion            |       |       |     2 |       ||     2
  Eat: Chunk             |       |       |       |     1 ||     1

Vault maps used:
D:        dungeon_sprint_1
